cohdb
Replays
Latest Replays
All Replays
Popular Replays
Top Player Replays
Match Explorer
How It Works
Community
CoH3 Stats
Reddit
Sign in to upload your games and track your stats! →
Sign in with Steam
Match 40988099
Unlisted
Match 40988099
Overview
Messages
Build Orders
End
Construct Infanterie Kompanie
Selects Mechanized Battlegroup
Grenadier Squad
MG 42 Machine Gun Team
Grenadier Squad
Grenadier Squad
Construct Luftwaffe Kompanie
221 Scout Car
Flak 30 Anti-aircraft Gun Team
Medical Station
Selects Mobile Repair Stations
Flak 30 Anti-aircraft Gun Team
221 Scout Car
Selects Wespe Self-propelled Artillery
Selects Raid Package
Construct Panzer Kompanie
Selects 8 Rad Armored Car
Panzer IV Medium Tank
Pioneer Squad
Jäger Squad
Selects Mechanized Assault
Selects UNKNOWN (2160084)
Panther Heavy Tank
Panzer IV Medium Tank
Pioneer Squad
AI Takeover
[L2P]BartonPL
MasterStef
0
0
Comments
sign in to comment!
No comments posted yet!